 Dungeon Crawl Stone Soup version 0.30.1-3-gfc49f6343a (webtiles) character file.

Game seed: 18219428726877537228

11 Dumfy the Digger (level 2, -11/24 HPs)
             Began as a Troll Earth Elementalist on Aug 8, 2023.
             Mangled by an ogre
             ... wielding a +0 giant club
              (25 damage)
             ... on level 4 of the Dungeon.
             The game lasted 00:18:20 (902 turns).

Dumfy the Digger (Troll Earth Elementalist)          Turns: 902, Time: 00:18:21

Health: -11/24     AC:  6    Str: 15    XL:     2   Next: 17%
Magic:  0/3        EV:  9    Int: 11    God:
Gold:   73         SH:  5    Dex: 10    Spells: 2/3 levels left

rFire   . . .        j - staff of poison
rCold   . . .        (no shield)
rNeg    . . .        a - +0 robe
rPois   +            (helmet restricted)
rElec   .            p - +1 cloak
rCorr   .            (gloves unavailable)
SInv    .            (boots unavailable)
Will    .....        i - amulet of reflection
Stlth   +            (no ring)
HPRegen 1.04/turn    (no ring)
MPRegen 0.08/turn

%: reflection
@: very slightly contaminated
A: large, unfitting armour, claws 3, regeneration 1, shaggy fur 1, tough skin 1
a: no special abilities


You were on level 4 of the Dungeon.
You visited 1 branch of the dungeon, and saw 4 of its levels.

You collected 73 gold pieces.

Inventory:

Hand Weapons
 d - a +0 short sword
 f - a +0 dagger
 h - a +1 whip of venom
Armour
 a - a +0 robe (worn)
 l - a +0 ring mail
 m - a +0 scale mail
 p - a +1 cloak (worn)
Magical Staves
 j - a staff of poison (weapon)
Jewellery
 i - an amulet of reflection (around neck)
Scrolls
 e - a scroll of fear {unknown}
 g - a scroll of teleportation {unknown}
 n - a scroll of noise {unknown}
 o - a scroll of brand weapon {unknown}
Potions
 b - a potion of magic
 c - a potion of invisibility {unknown}
 k - a potion of might {unknown}


   Skills:
 + Level 1.5 Dodging
 + Level 1.1 Stealth
 + Level 1.3 Spellcasting
 + Level 0.7 Transmutations
 + Level 3.1 Earth Magic


You had 2 spell levels left.
You knew the following spells:

 Your Spells              Type           Power      Damage    Failure   Level
a - Sandblast             Erth           14%        2d6       9%          1

Your spell library contained the following spells:

 Spells                   Type           Power      Damage    Failure   Level
 Passwall                 Tmut/Erth      3%         N/A       22%         2
 Stone Arrow              Conj/Erth      8%         3d7       45%         3
 Petrify                  Tmut/Erth      4%         N/A       80%         4


Dungeon Overview and Level Annotations

Branches:
Dungeon (4/15)
 Temple: D:4-7

Altars:
Yredelemnul

Shops:
D:1 [(*


Innate Abilities, Weirdness & Mutations

You are too large for most types of armour.
You have claws for hands.
Your natural rate of healing is unusually fast.
You are covered in fur. (AC +1)
You have tough skin. (AC +1)


Message History

You climb downwards.
There is a stone staircase leading up here.
Found a stone staircase leading up.
An ogre comes into view. It is wielding a +0 giant club.
Casting: Sandblast (safe; 9% risk of failure)
Confirm with . or Enter, or press ? or * to list all spells.
You don't know that spell.
The ogre shouts!
Casting: Sandblast (safe; 9% risk of failure)
Confirm with . or Enter, or press ? or * to list all spells.
You don't know that spell.
Casting: Sandblast (safe; 9% risk of failure)
Confirm with . or Enter, or press ? or * to list all spells.
Aiming: Sandblast (safe; 9% risk of failure)
Press: ? - help, Shift-Dir - straight line, f - ogre
Aim: an ogre, wielding a +0 giant club (91% to hit)
The blast of sand hits the ogre.
The ogre is lightly wounded.
Casting: Sandblast (safe; 9% risk of failure)
Confirm with . or Enter, or press ? or * to list all spells.
Aiming: Sandblast (safe; 9% risk of failure)
Press: ? - help, Shift-Dir - straight line, f/p - ogre
Aim: an ogre, wielding a +0 giant club (lightly wounded, 91% to hit)
The blast of sand hits the ogre.
The ogre is moderately wounded.
The ogre hits you with a +0 giant club!
Ouch! That really hurt!
Casting: Sandblast (safe; 9% risk of failure)
Confirm with . or Enter, or press ? or * to list all spells.
Aiming: Sandblast (safe; 9% risk of failure)
Press: ? - help, Shift-Dir - straight line, f/p - ogre
Aim: an ogre, wielding a +0 giant club (moderately wounded, 91% to hit)
You miscast Sandblast.
You are very lightly contaminated with residual magic.
Nothing appears to happen.
You closely miss the ogre.
The ogre is moderately wounded.
The ogre hits you with a +0 giant club!!
Ouch! That really hurt!
You die...

##. ##.##.#
#...##...#.#
.....<.#...#
#...##...###
##. ##.## ..
#.# # #.#
#######.#
......O@#
#########


You could see an ogre.

Vanquished Creatures
  An endoplasm (D:1)
  A giant cockroach (D:1)
  2 goblins
  A hobgoblin (D:1)
  2 quokkas
  A frilled lizard (D:1)
  2 kobolds
  A rat (D:3)
11 creatures vanquished.

Notes
Turn   | Place    | Note
-------+----------+-------------------------------------------
     0 | D:1      | Dumfy the Troll Earth Elementalist began the quest for the
                  | Orb.
     0 | D:1      | Reached XP level 1. HP: 16/16 MP: 1/1
    29 | D:1      | Found Tamatuw's Antique Armour Shop.
   126 | D:1      | Found Oggan's Antique Weapon Emporium.
   163 | D:1      | Found Jolus's Assorted Antiques.
   178 | D:1      | Reached skill level 3 in Earth Magic
   259 | D:1      | Reached XP level 2. HP: 20/24 MP: 2/2
   270 | D:2      | You fall into a shaft and drop 1 floor!
   459 | D:3      | Found a basalt altar of Yredelemnul.
   897 | D:4      | Noticed an ogre
   902 | D:4      | Mangled by an ogre

Illustrated notes

Levels and vault maps discovered:
D:1:      lightli_arrival_chessboard, layout_loops_ring, serial_shops, shop,
          nicolae_shop_competitors_out_of_business, nicolae_shop_dealshenge,
          shop
D:2:      layout_basic, mrwooster_statue_mirror, serial_bayou_lake_a,
          uniq_terence, uniq_crazy_yiuf_cottage
D:3:      layout_loops_ring, mainiacjoe_overflow_six_doors_small
D:4:      layout_loops_ring, evilmike_ruin_ashenzari, minmay_puff

Skill      XL: |  1 |
---------------+----+-----
Earth Magic    | 3 |  3.1
Dodging        | |  1.5
Stealth        | |  1.1
Spellcasting   | |  1.3
Transmutations | |  0.7

Action                     || total
---------------------------++-------
  Melee: Short sword       ||    68
         Staff             ||     1
   Cast: Sandblast         ||     2
    Use: Scroll            ||     1
         Potion            ||     1
 Armour: Robe              ||    16
  Dodge: Dodged            ||    36
  Block: Other             ||     5
         Reflection        ||     2
